 Dungeon Crawl Stone Soup version 0.19-a0-27-g415f530 (webtiles) character file.

47779 Duffy the Severer (level 13, -1/76 HPs)
             Began as a Demonspawn Fighter on May 2, 2016.
             Was the Champion of Cheibriados.
             Slain by a blink frog (5 damage)
             ... on level 5 of the Lair of Beasts.
             The game lasted 00:33:02 (19520 turns).

Duffy the Severer (Demonspawn Fighter)             Turns: 19520, Time: 00:33:03

Health: -1/76      AC: 20    Str: 36    XL:     13   Next: 44%
Magic:  0/16       EV: 14    Int: 24    God:    Cheibriados [******]
Gold:   1120       SH:  0    Dex: 23    Spells: 0 memorised, 12 levels left

rFire  . . .     SeeInvis .     a - +0 battleaxe
rCold  . . .     Gourm    .     E - +0 plate armour
rNeg   . . .     Faith    .     (shield currently unavailable)
rPois  .         Spirit   +     (helmet unavailable)
rElec  .         Dismiss  .     (no cloak)
rCorr  .         Reflect  .     (no gloves)
SustAt .         Harm     .     (no boots)
MR     .....     Rnd*Rage +     (no amulet)
Stlth  ..........               n - +5 ring of protection
                                D - +3 ring of slaying

@: exhausted, slowed, very slow, not resistant to hostile enchantments,
extremely unstealthy
A: horns 3, rough black scales 2, berserk 3, blurry vision 2, clumsy 2, deformed
body, demonic guardian 2, frail 2, low mp 2, screaming 2, magic shield, no
device heal 2, subdued magic 3, MP-powered wands
a: Bend Time, Temporal Distortion, Slouch, Step From Time, Renounce Religion
}: 1/15 runes: abyssal


You were on level 5 of the Lair of Beasts.
You worshipped Cheibriados.
Cheibriados was exalted by your worship.
You were very hungry.

You visited 3 branches of the dungeon, and saw 16 of its levels.
You visited the Abyss 1 time.
You also visited: Ossuary and Bailey.

You collected 1120 gold pieces.


Innate Abilities, Weirdness & Mutations

You have a pair of large horns on your head.
You are mostly covered in rough black scales (AC +7, Dex -2).
A demonic guardian rushes to your aid.
When hurt, damage is shared between your health and your magic reserves.
[You have an uncontrollable temper.]
[Scrolls take you longer to read.]
[You are very clumsy. (Dex -4)]
[Armour fits poorly on your strangely shaped body.]
[You are very frail (-20% HP).]
[Your magical capacity is very low (-20% MP).]
[You sometimes yell uncontrollably at your foes.]
[Potions and wands are poor at restoring your health.]
[Your spells are much easier to cast, but much less powerful.]
[You expend magic power (3 MP) to strengthen your wands.]


   Skills:
 - Level 7.2 Fighting
 * Level 15.7 Axes
 + Level 8.2 Armour
 + Level 6.8 Dodging
   Level 2.6 Shields
 - Level 10.0 Invocations


You had 12 spell levels left.
You didn't know any spells.

Inventory:

Hand Weapons
 a - a +0 battleaxe (weapon)
 b - a +1 eveningstar of protection
 S - a +0 blowgun
Missiles
 l - 57 poisoned needles
 K - 75 tomahawks of returning
 M - 2 throwing nets (quivered)
 U - 8 curare-tipped needles
Armour
 E - a +0 plate armour (worn)
 Q - a +2 chain mail of cold resistance
Jewellery
 n - a +5 ring of protection (right hand)
 p - a +3 ring of protection
 A - an uncursed ring of ice {unknown}
 D - a +3 ring of slaying (left hand)
 J - an uncursed ring of protection from cold
Wands
 g - a wand of flame (17/48)
 r - a wand of hasting (5/9)
 L - a wand of slowing (5/48)
 O - a wand of lightning (8/15)
 R - a wand of paralysis (19/24)
Scrolls
 e - 8 scrolls of remove curse
 h - 6 scrolls of teleportation
 j - 4 scrolls of blinking
 k - 2 scrolls of recharging {unknown}
 q - a scroll of fog
 w - 4 scrolls of vulnerability
 y - a scroll of enchant armour {unknown}
 C - a scroll of magic mapping {unknown}
 G - 2 scrolls of enchant weapon {unknown}
 N - 2 scrolls of immolation {unknown}
 P - a scroll of silence {unknown}
 V - a scroll of acquirement {unknown}
 X - a scroll of holy word {unknown}
Potions
 d - 3 potions of might
 i - 5 potions of magic
 o - a potion of agility
 t - 8 potions of heal wounds
 u - a potion of lignification
 v - a potion of cancellation {unknown}
 x - 3 potions of cure mutation
 z - a potion of resistance {unknown}
 B - a potion of haste {unknown}
 F - 2 potions of flight {unknown}
 H - 3 potions of curing
 T - a potion of invisibility
Comestibles
 c - 17 fruits
 f - 13 bread rations
 m - 5 meat rations
 s - 4 beef jerkies

Dungeon Overview and Level Annotations

Branches:
Dungeon (10/15)            Temple (1/1) D:6            Lair (5/8) D:10
  Snake (0/4) Lair:5          Orc (0/2) D:10
  Swamp: Lair:3-6    Shoals: Lair:3-6

Altars:
Ashenzari
Cheibriados
Dithmenos
Elyvilon
Fedhas
Gozag
Kikubaaqudgha
Makhleb
Nemelex Xobeh
Okawaru
Pakellas
Qazlal
Ru
Sif Muna
Trog
Vehumet
Xom
Yredelemnul
Zin
The Shining One
Beogh

Shops:
D:6 }

Portals:
Trove: D:10 (show slimy rune of Zot)

Annotations:
Lair:5 Rupert


Message History

The sheep bites you but does no damage. The sheep barely misses you.
You closely miss the sheep.
The sheep bellows!
You headbutt the sheep!
The sheep is severely wounded.
You slice the sheep!!
You kill the sheep!
Cheibriados thoroughly appreciates the change of pace.
You slash the sheep!
You kill the sheep!
Cheibriados appreciates the change of pace.
You slice the sheep!!
You kill the sheep!
Cheibriados thoroughly appreciates the change of pace.
You slash the sheep!
The sheep is heavily wounded.
The sheep bites you but does no damage.
You hit the sheep.
The sheep is almost dead.
The sheep bites you but does no damage.
You slice the sheep!!
You kill the sheep!
Cheibriados thoroughly appreciates the change of pace.
Your smoke demon closely misses the blink frog.
Your smoke demon misses the blink frog.
Your smoke demon hits the blink frog.
You closely miss Rupert. Your headbutt misses Rupert.
Rupert is moderately wounded.
You slice the sheep!!
You kill the sheep!
Cheibriados appreciates the change of pace.
You closely miss the blink frog.
The blink frog is lightly wounded.
Rupert hits you with a great sword of distortion!
Space bends around you.
Your smoke demon gestures at the blink frog.
The sticky flame hits the blink frog.
The blink frog is covered in liquid flames!
The sheep bites your smoke demon!
The blink frog blinks!
You barely miss Rupert. You headbutt Rupert, but do no damage.
Rupert is moderately wounded.
You are no longer berserk.
You are exhausted.
You feel yourself slow down.
You are feeling very hungry.
The blink frog burns!
Rupert hits you with a great sword of distortion!!
Space bends around you.
Your smoke demon hits the sheep!
Your smoke demon barely misses the sheep.
Your smoke demon hits the sheep.
The blink frog hits you!
You die...

#@.%............#
#%....##....P...#
.#....# 3..##...# #
......Y....##...## .###
.......#.###.....##...##
.......P..#.............
...............3........
..P............Y........
~~~~.......F..Y@@%......
~~~~~..........F........
...~~~..................
....~~ P...P#.#......##.
P.P~ ~....#.#...#..#
.>.. .... ......#..#
...P ............ ...
...~ ....#..##.... ...~


You could see Rupert (berserk), 2 blink frogs, 2 sheep and a friendly smoke
demon.

Action                   |  1- 3 |  4- 6 |  7- 9 | 10-12 | 13-15 || total
-------------------------+-------+-------+-------+-------+-------++-------
Melee: War axe           |   171 |   190 |   133 |       |       ||   494
       Flail             |       |    69 |       |       |       ||    69
       Headbutt          |       |    38 |    80 |   184 |    42 ||   344
       Battleaxe         |       |       |   283 |   509 |    92 ||   884
       Eveningstar       |       |       |       |    16 |     3 ||    19
Invok: Slouch            |       |       |       |     1 |       ||     1
Evoke: Wand              |       |       |       |     9 |       ||     9
  Use: Scroll            |     4 |     4 |     7 |     3 |    13 ||    31
       Potion            |       |       |     2 |     1 |     3 ||     6
 Stab: Distracted        |       |     1 |     1 |     1 |     2 ||     5
       Invisible         |       |       |     4 |       |       ||     4
       Paralysed         |       |       |     1 |       |       ||     1
  Eat: Chunk             |     4 |     6 |    13 |    12 |       ||    35
       Beef jerky        |       |     2 |     1 |       |       ||     3
       Royal jelly       |       |       |     1 |     1 |       ||     2
       Pizza             |       |       |     1 |       |     1 ||     2
Armor: Scale mail        |    93 |   142 |    91 |       |       ||   326
       Plate armour      |       |       |   251 |    80 |    91 ||   422
       Chain mail        |       |       |    38 |   313 |       ||   351
Dodge: Dodged            |    55 |    77 |   174 |   423 |   109 ||   838
Block: Shield            |    96 |   106 |    72 |       |       ||   274

Notes
Turn   | Place    | Note
--------------------------------------------------------------
     0 | D:1      | Duffy the Demonspawn Fighter began the quest for the Orb.
     0 | D:1      | Reached XP level 1. HP: 18/18 MP: 1/1
    98 | D:2      | Reached skill level 2 in Axes
    98 | D:2      | Gained mutation: You are partially covered in rough black scales (AC +4, Dex -1). [demonic ancestry]
    98 | D:2      | Reached XP level 2. HP: 21/24 MP: 2/2
   371 | D:1      | Reached skill level 3 in Axes
   679 | D:1      | Reached XP level 3. HP: 26/29 MP: 3/3
  1946 | D:2      | Reached skill level 4 in Axes
  1946 | D:2      | Gained mutation: You have a pair of small horns on your head. [demonic ancestry]
  1946 | D:2      | Reached XP level 4. HP: 17/35 MP: 4/4
  3640 | D:4      | Found a sand-covered staircase.
  3646 | D:4      | Gained mutation: A weak demonic guardian rushes to your aid. [demonic ancestry]
  3646 | D:4      | Reached XP level 5. HP: 41/41 MP: 5/5
  3653 | Ossuary  | Entered an ossuary
  3823 | Ossuary  | Reached skill level 5 in Axes
  3825 | Ossuary  | Reached skill level 4 in Fighting
  3924 | Ossuary  | Gained mutation: You are mostly covered in rough black scales (AC +7, Dex -2). [demonic ancestry]
  3924 | Ossuary  | Reached XP level 6. HP: 48/48 MP: 6/6
  4270 | D:4      | Found a basalt altar of Yredelemnul.
  4272 | D:4      | Found a glowing silver altar of Zin.
  4272 | D:4      | Found a deep blue altar of Sif Muna.
  4273 | D:4      | Found a stormy altar of Qazlal.
  4754 | D:4      | You fall through a shaft for 3 floors!
  4802 | D:7      | Noticed a hippogriff
  4805 | D:7      | Reached skill level 6 in Axes
  4805 | D:7      | Reached XP level 7. HP: 52/55 MP: 7/7
  4814 | D:7      | Killed a hippogriff
  4971 | D:6      | Found a glowing golden altar of the Shining One.
  5089 | D:6      | Reached skill level 7 in Axes
  5587 | D:6      | Reached skill level 8 in Axes
  5587 | D:6      | Gained mutation: You have a pair of horns on your head. [demonic ancestry]
  5587 | D:6      | Reached XP level 8. HP: 61/61 MP: 8/8
  6225 | D:6      | Reached skill level 9 in Axes
  6243 | D:5      | Entered Level 5 of the Dungeon
  6934 | D:6      | Found an oddly glowing altar of Pakellas.
  6934 | D:6      | Found Pakellas's Prime Provisions.
  6937 | D:6      | Reached skill level 3 in Armour
  6981 | D:5      | Noticed Eustachio
  7056 | D:4      | Killed Eustachio
  7108 | D:5      | Found a blossoming altar of Fedhas.
  7114 | D:5      | Found an ancient bone altar of Kikubaaqudgha.
  7193 | D:5      | Noticed Dowan
  7195 | D:5      | Noticed Duvessa
  7222 | D:5      | Killed Dowan
  7222 | D:5      | Killed Duvessa
  7222 | D:5      | Reached XP level 9. HP: 67/67 MP: 9/9
  7356 | D:5      | Found an iron altar of Okawaru.
  7386 | D:5      | Reached skill level 10 in Axes
  7435 | D:5      | Reached skill level 4 in Armour
  7504 | D:5      | Found an opulent altar of Gozag.
  7819 | D:6      | Found a staircase to the Ecumenical Temple.
  7825 | Temple   | Entered the Ecumenical Temple
  7919 | D:6      | Got a transparent whip
  7931 | D:6      | Found a sacrificial altar of Ru.
  7984 | D:6      | Found a radiant altar of Vehumet.
  8419 | D:7      | Found a snail-covered altar of Cheibriados.
  8429 | D:7      | Became a worshipper of Cheibriados the Contemplative
  8822 | D:7      | Reached skill level 5 in Armour
  9211 | D:7      | Reached * piety under Cheibriados
  9215 | D:7      | Reached skill level 1 in Dodging
  9450 | D:8      | Found a bloodstained altar of Trog.
  9509 | D:8      | Reached skill level 2 in Dodging
  9583 | D:8      | Found a bloodstained altar of Trog.
  9730 | D:8      | Found a snail-covered altar of Cheibriados.
  9780 | D:8      | Reached skill level 5 in Fighting
  9803 | D:8      | Reached ** piety under Cheibriados
  9809 | D:8      | Reached skill level 11 in Axes
 10338 | D:9      | Reached *** piety under Cheibriados
 10338 | D:9      | Gained mutation: You have a pair of large horns on your head. [demonic ancestry]
 10338 | D:9      | Reached XP level 10. HP: 56/76 MP: 10/10
 10518 | D:9      | Found a flagged portal.
 10528 | Bailey   | Entered a bailey
 10795 | Bailey   | Reached skill level 6 in Fighting
 10850 | Bailey   | Reached **** piety under Cheibriados
 11869 | D:9      | Reached ***** piety under Cheibriados
 12174 | D:9      | Found a roughly hewn altar of Beogh.
 12176 | D:9      | Reached skill level 7 in Fighting
 12402 | D:10     | Entered Level 10 of the Dungeon
 12569 | D:10     | Found a staircase to the Lair.
 12595 | D:10     | Found a staircase to the Orcish Mines.
 12597 | D:10     | Reached skill level 1 in Invocations
 12612 | D:10     | Reached skill level 2 in Invocations
 12612 | D:10     | Reached skill level 12 in Axes
 12618 | D:10     | Reached skill level 3 in Invocations
 12781 | D:10     | Noticed a hill giant
 12791 | D:10     | Killed a hill giant
 12791 | D:10     | Reached skill level 4 in Invocations
 12980 | D:10     | Reached ****** piety under Cheibriados
 13056 | D:10     | Reached skill level 5 in Invocations
 13064 | D:10     | Noticed Maud
 13079 | D:10     | Killed Maud
 13079 | D:10     | Reached skill level 6 in Invocations
 13079 | D:10     | Gained mutation: When hurt, damage is shared between your health and your magic reserves. [demonic ancestry]
 13079 | D:10     | Reached XP level 11. HP: 34/84 MP: 15/15
 13394 | D:10     | Killed an unseen horror
 13394 | D:10     | Reached skill level 7 in Invocations
 13417 | D:10     | Noticed a hill giant
 13429 | D:10     | Killed a hill giant
 13577 | D:10     | Found a portal to a secret trove of treasure.
 13757 | D:10     | Noticed a hill giant
 13763 | D:10     | Killed a hill giant
 13879 | D:10     | Reached skill level 8 in Invocations
 13920 | D:10     | Reached skill level 13 in Axes
 14314 | Lair:1   | Entered Level 1 of the Lair of Beasts
 14330 | Lair:1   | Noticed a four-headed hydra
 14337 | Lair:1   | Killed a four-headed hydra
 14337 | Lair:1   | Reached skill level 9 in Invocations
 14341 | Lair:1   | Noticed a seven-headed hydra
 14351 | Lair:1   | Killed a seven-headed hydra
 14482 | Lair:1   | Noticed a six-headed hydra
 14487 | Lair:1   | Killed a six-headed hydra
 14615 | Lair:1   | Reached skill level 10 in Invocations
 14809 | Lair:1   | Reached skill level 3 in Dodging
 14943 | Lair:1   | Gained mutation: A demonic guardian rushes to your aid. [demonic ancestry]
 14943 | Lair:1   | Reached XP level 12. HP: 86/91 MP: 17/19
 15306 | Lair:2   | Noticed a five-headed hydra
 15313 | Lair:2   | Killed a five-headed hydra
 15316 | Lair:2   | Reached skill level 6 in Armour
 15321 | Lair:2   | Reached skill level 14 in Axes
 15332 | Lair:2   | Reached skill level 4 in Dodging
 15832 | Lair:2   | Noticed a four-headed hydra
 15837 | Lair:2   | Killed a four-headed hydra
 16453 | Lair:3   | Noticed a queen ant
 16461 | Lair:3   | Killed a queen ant
 16461 | Lair:3   | Reached skill level 5 in Dodging
 16570 | Lair:3   | Reached skill level 7 in Armour
 16688 | Lair:3   | Noticed a six-headed hydra
 16694 | Lair:3   | Killed a six-headed hydra
 16802 | Lair:3   | Noticed Sonja
 16806 | Lair:3   | Killed Sonja
 17599 | Lair:4   | Noticed Snorg
 17610 | Lair:4   | Killed Snorg
 17610 | Lair:4   | Reached skill level 15 in Axes
 18103 | Lair:4   | Reached XP level 13. HP: 92/96 MP: 20/20
 18465 | Lair:5   | Reached skill level 6 in Dodging
 18556 | Lair:5   | Found a staircase to the Snake Pit.
 18649 | Lair:5   | Noticed Rupert
 18658 | Lair:5   | Cast into level 3 of the Abyss (Rupert)
 18980 | Abyss:3  | Noticed a red draconian
 19354 | Abyss:3  | Reached skill level 8 in Armour
 19393 | Abyss:3  | Got an abyssal rune of Zot
 19499 | Lair:5   | Escaped the Abyss
 19520 | Lair:5   | Slain by a blink frog

Skill      XL: |  1  2  3  4  5  6  7  8  9 10 11 12 13 |
---------------+----------------------------------------+-----
Axes           | 2 3 4 5 6 8 9 11 12 13 15 | 15.7
Fighting       | 4 5 7 |  7.2
Armour         | 3 5 7 8 |  8.2
Dodging        | 2 3 5 6 |  6.8
Invocations    | 6 10 | 10.0
Shields        | |  2.6

Vault maps used:
D:1:      dpeg_arrival_stonehenge_8_columns, minmay_hedge_maze
D:3:      first_bread, roderic_serpentine_path, kennysheep_generic_room_9
D:4:      grunt_temple_overflow_open, enter_ossuary_4
D:5:      grunt_temple_overflow_growth_and_decay, lemuel_coloured_pillars_altar,
          okawaru_trees_2, uniq_eustachio, uniq_duvessa
D:6:      kennysheep_mini_moat, nicolae_tso_besieged_by_evil,
          johnstein_pakellas_shop, nicolae_ru_great_annihilating_truth,
          minmay_temple_entry_purple_smoke
D:7:      wad_woods_stonehenge
D:8:      bloody_trog, slow_altar_1, the_bakery, trog_hazing_becter
D:9:      special_room, enter_bailey_2
D:10:     lair_0_dummy, zombieorc2_lemuel, enter_trove_6, uniq_maud
Temple:   nicolae_temple_hex_pool
Lair:2:   grunt_megastairs_5
Lair:3:   minmay_another_anthill, serial_bayou_shore_b, lemuel_fruit_tree,
          uniq_sonja
Lair:4:   uniq_snorg
Lair:5:   minmay_swamp_entry_worms, guppyfry_snake_entry_island, uniq_rupert
Ossuary:  ossuary_tomb_1
Bailey:   bailey_axe_2, bailey

Vanquished Creatures
  Maud Snorg
  A great orb of eyes
  A rakshasa
  7 hydras
  A queen ant Sonja
  A wretched star
  An unseen horror
  3 hill giants
  4 ugly things
  2 black mambas
  3 smoke demons
  An apocalypse crab
  5 spiny frogs
  4 komodo dragons
  2 rime drakes
  An ancient zyme
  A queen bee
  A troll
  A polar bear
  14 blink frogs
  3 large abominations
  2 wyverns
  15 yaks
  A spriggan
  A basilisk
  2 fire bats Eustachio
  7 hippogriffs
  A hungry ghost
  9 soldier ants Duvessa
  3 nagas
  8 water moccasins
  7 porcupines
  A wasp
  2 ice beasts
  An eye of draining
  6 orc warriors
  6 sky beasts
  4 black bears
  2 phantoms
  4 ogres
  7 centaurs
  5 crocodiles
  4 big kobolds
  7 giant frogs
  2 scorpions
  2 troll zombies Dowan
  14 killer bees
  5 crimson imps
  5 centaur zombies
  A giant frog zombie
  2 quasits
  7 hounds
  A centaur skeleton
  2 human zombies
  6 orc priests
  A gnoll shaman
  2 giant frog skeletons
  5 iguanas
  10 orc wizards
  22 worker ants
  6 sheep
  6 ogre zombies
  2 hound skeletons
  2 mummies
  32 gnolls
  9 adders
  65 river rats
  2 shadow imps
  2 oozes
  An adder skeleton
  An adder zombie
  4 worms
  A dart slug
  A giant gecko
  79 orcs
  6 giant cockroaches
  13 goblins
  16 hobgoblins
  12 jackals
  2 quokkas
  A ball python skeleton
  8 bats
  4 giant newts
  A goblin skeleton
  2 goblin zombies
  2 hobgoblin skeletons
  16 hobgoblin zombies
  A jackal skeleton
  2 jackal zombies
  41 kobolds
  12 kobold zombies
  6 orc skeletons
  25 orc zombies
  A quokka zombie
  8 rats
  A rat zombie
  4 fungi
  4 plants
656 creatures vanquished.
